 Dungeon Crawl Stone Soup version 0.21.1-1-g345015f (webtiles) character file.

233 Fang the Skirmisher (level 6, -2/39 HPs)
             Began as a Gargoyle Berserker on July 24, 2018.
             Was a Believer of Trog.
             Slain by an orc
             ... wielding a +0 club
              (3 damage)
             ... on level 3 of the Dungeon on July 26, 2018.
             The game lasted 00:04:33 (2852 turns).

Fang the Skirmisher (Gargoyle Berserker)            Turns: 2852, Time: 00:04:34

Health: -2/39      AC:  6    Str: 23    XL:     6   Next: 5%
Magic:  6/6        EV: 12    Int:  7    God:    Trog [**....]
Gold:   195        SH:  0    Dex:  6    Spells: 5/5 levels left

rFire    + . .     SeeInvis .   a - +1 hand axe
rCold    x . .     Gourm    .   (no shield)
rNeg     + . .     Faith    .   b - +0 animal skin
rPois    ∞         Spirit   .   (no helmet)
rElec    +         Reflect  .   (no cloak)
rCorr    .         Harm     .   (no gloves)
MR       .....                  (no boots)
Stlth    +.........             (no amulet)
HPRegen  0.13/turn              g - -3 ring of dexterity
MPRegen  0.10/turn              j - ring of fire

@: berserk cooldown, slowed, very slow
A: negative energy resistance 1, electricity resistance, unbreathing,
petrification resistance, rot immunity, AC +4
a: Berserk, Trog's Hand, Burn Spellbooks, Renounce Religion


You were on level 3 of the Dungeon.
You worshipped Trog.
Trog was pleased with you.
You were very hungry.

You visited 1 branch of the dungeon, and saw 3 of its levels.

You collected 195 gold pieces.

Inventory:

Hand Weapons
 a - a +1 hand axe (weapon)
Armour
 b - a +0 animal skin (worn)
Jewellery
 g - a -3 ring of dexterity (left hand)
 j - a ring of fire (right hand)
Scrolls
 d - 2 scrolls of identify
 f - a scroll of enchant weapon
 h - a scroll of amnesia
 i - a scroll of fear {unknown}
 k - a scroll of remove curse
Potions
 e - a potion of brilliance {unknown}
 l - a potion of degeneration


   Skills:
 + Level 4.6 Fighting
 + Level 4.6 Axes
 + Level 2.2 Armour
 + Level 2.3 Dodging
 + Level 1.4 Stealth


You had 5 spell levels left.
You didn't know any spells.

Dungeon Overview and Level Annotations

Branches:
Dungeon (3/15)

Altars:


Innate Abilities, Weirdness & Mutations

You are resistant to torment.
Your stone body is resilient. (AC +4)
You are immune to poison.
You resist negative energy. (rN+)
You are resistant to electric shocks. (rElec)
You can survive without breathing.
You are immune to petrification.
You are immune to rotting.


Message History

* * * LOW HITPOINT WARNING * * *
The orc priest hits you with a hand axe.
* * * LOW HITPOINT WARNING * * *
The orc barely misses you.
The orc hits you from afar with a trident.
* * * LOW HITPOINT WARNING * * *
The orc wizard casts a spell at you. The puff of frost hits you!
* * * LOW HITPOINT WARNING * * *
As you read the scroll labeled NATHRU TEAGUFIGH, it crumbles to dust.
It is a scroll of amnesia.
You feel forgetful for a moment. The orc wizard closely misses you.
The orc priest closely misses you. The orc barely misses you.
The orc closely misses you. The orc wizard misses you.
As you read the scroll labeled JOYPIURADGH, it crumbles to dust.
It is a scroll of enchant weapon.
Your +0 hand axe glows red for a moment.
The orc wizard hits you but does no damage.
The orc priest completely misses you. The orc hits you with a club.
You die...

#.# ##### #.# ##.....
##.### ###.....# ##...#
#.......#
.###.######.#.....
...[.........#...#####..
.##########..##.g.......
## #..##oooo..... #
#..##[@####
######.))†.....#
......(()?..##.#
######(#%#### .. ...#.#
## #.####.# # #.# #.#
#.#


You could see an orc priest, an orc wizard, 2 orcs and a goblin.

Vanquished Creatures
  The ghost of dawnmantle the Skirmisher, a weakling MiBe of Trog (D:3)
  An orc priest (D:3)
  Natasha (thrice) (D:2)
  4 worms
  4 dart slugs
  A leopard gecko (D:3)
  4 orcs (D:3)
  7 bats
  A giant cockroach (D:2)
  5 hobgoblins
  5 jackals
  11 kobolds
  2 frilled lizards
  6 goblins
  6 rats
61 creatures vanquished.

Notes
Turn   | Place    | Note
-------+----------+-------------------------------------------
     0 | D:1      | Fang the Gargoyle Berserker began the quest for the Orb.
     0 | D:1      | Reached XP level 1. HP: 14/14 MP: 1/1
   365 | D:1      | Reached XP level 2. HP: 14/20 MP: 2/2
   862 | D:1      | Reached XP level 3. HP: 20/24 MP: 3/3
   904 | D:2      | Noticed Natasha
   911 | D:2      | Reached ** piety under Trog
   913 | D:2      | Killed Natasha
  1159 | D:2      | Reached XP level 4. HP: 12/29 MP: 4/4
  1477 | D:2      | Found a faded altar of an unknown god.
  1699 | D:2      | Noticed Natasha
  1711 | D:2      | Killed Natasha
  1711 | D:2      | Reached skill level 1 in Stealth
  1790 | D:2      | Noticed Natasha
  1814 | D:2      | Killed Natasha
  1814 | D:2      | Reached XP level 5. HP: 6/34 MP: 5/5
  2457 | D:3      | Noticed a moth of wrath
  2743 | D:3      | Noticed dawnmantle's ghost (weakling MiBe)
  2751 | D:3      | Killed dawnmantle's ghost
  2833 | D:3      | Reached XP level 6. HP: 39/39 MP: 6/6
  2850 | D:3      | HP: 1/39 [orc wizard/puff of frost (1)]
  2852 | D:3      | Slain by an orc

Skill      XL: |  1  2  3  4 |
---------------+-------------+-----
Axes           | 3 4 |  4.6
Fighting       | 4 |  4.6
Dodging        | 2 |  2.3
Stealth        | 1 |  1.4
Armour         | |  2.2

Action                   |  1- 3 |  4- 6 || total
-------------------------+-------+-------++-------
Melee: Hand axe          |    73 |   114 ||   187
Invok: Berserk           |     3 |     4 ||     7
  Use: Scroll            |       |     4 ||     4
  Eat: Chunk             |     3 |     5 ||     8
       Ration            |       |     1 ||     1
Armor: Animal skin       |    29 |    47 ||    76
Dodge: Dodged            |    54 |    92 ||   146
